 Dungeon Crawl Stone Soup version 0.21.0-3-g78d12a8 (webtiles) character file.

2107 MTVSty1e the Cleaver (level 9, -13/62 HPs)
             Began as a Demonspawn Gladiator on Jan 17, 2018.
             Killed from afar by Dowan (17 damage)
             ... with a shard of ice
             ... on level 6 of the Dungeon.
             The game lasted 00:11:29 (6433 turns).

MTVSty1e the Cleaver (Demonspawn Gladiator)         Turns: 6433, Time: 00:11:31

Health: -13/62     AC: 10    Str: 22    XL:     9   Next: 7%
Magic:  9/9        EV: 11    Int: 15    God:
Gold:   343        SH:  0    Dex: 15    Spells: 8/8 levels left

rFire    . . .     SeeInvis .   a - +1 war axe
rCold    . . .     Gourm    .   (no shield)
rNeg     . . .     Faith    .   b - +0 scale mail
rPois    .         Spirit   .   (helmet restricted)
rElec    .         Reflect  .   l - +0 cloak
rCorr    .         Harm     .   s - +0 pair of gloves
MR       .....                  g - +0 pair of boots
Stlth    ..........             (no amulet)
HPRegen  0.20/turn              (no ring)
MPRegen  0.11/turn              (no ring)

@: mighty, brilliant, flying
A: horns 2, rugged brown scales 1, powered by pain 1
a: no special abilities


You were on level 6 of the Dungeon.
You were not hungry.

You visited 1 branch of the dungeon, and saw 6 of its levels.
You also visited: Ossuary.

You collected 343 gold pieces.

Inventory:

Hand Weapons
 a - a +1 war axe (weapon)
 x - a +0 hand axe of flaming
Missiles
 d - 3 throwing nets (quivered)
Armour
 b - a +0 scale mail (worn)
 g - a +0 pair of boots (worn)
 l - a +0 cloak (worn)
 s - a +0 pair of gloves (worn)
Jewellery
 m - a cursed amulet of inaccuracy {unknown}
Wands
 i - a wand of acid (12)
Scrolls
 c - a scroll of enchant weapon
 e - 4 scrolls of teleportation
 j - 2 scrolls of remove curse
 k - 3 scrolls of fog
 n - 3 scrolls of fear
 u - a scroll of identify
 y - a scroll of blinking {unknown}
Potions
 h - a potion of ambrosia {unknown}
 p - a potion of brilliance
 q - 3 potions of lignification
 r - 3 potions of curing
 t - 5 potions of flight
 v - 2 potions of heal wounds {unknown}
 z - a potion of invisibility {unknown}
 B - a potion of mutation {unknown}
 C - a potion of agility {unknown}
 D - a potion of haste
 E - a potion of resistance {unknown}
Books
 o - a book of Cantrips

   Spells                             Type                      Level
   a - Confusing Touch                Hexes                        1
   b - Animate Skeleton               Necromancy                   1
   c - Summon Small Mammal            Summoning                    1
   d - Apportation                    Translocation                1
 w - a book of Misfortune

   Spells                             Type                      Level
   a - Confusing Touch                Hexes                        1
   b - Confuse                        Hexes                        3
   c - Gell's Gravitas                Translocation                3
   d - Petrify                        Transmutation/Earth          4
   e - Metabolic Englaciation         Hexes/Ice                    5
   f - Yara's Violent Unravelling     Hexes/Transmutation          5
Comestibles
 f - 8 rations


   Skills:
 - Level 2.0 Fighting
 + Level 11.2 Axes
 - Level 1.7 Throwing
 - Level 2.6 Dodging


You had 8 spell levels left.
You didn't know any spells.

Dungeon Overview and Level Annotations

Branches:
Dungeon (6/15)
 Temple: D:4-7

Altars:
Fedhas
Gozag
Nemelex Xobeh
Zin

Annotations:
D:6 Dowan


Innate Abilities, Weirdness & Mutations

You have a pair of horns on your head.
You are partially covered in rugged brown scales. (AC +1, +3% HP)
You sometimes gain a little power by taking damage.


Message History

It was a potion of flight.
You feel very buoyant.
You fly up into the air.
Dowan points at you and mumbles some strange words.
The shard of ice misses you.
The orc warrior hits you with a short sword!
* * * LOW HITPOINT WARNING * * *
Dowan hits you but does no damage.
You feel mightier all of a sudden. Dowan hits you but does no damage.
The orc warrior hits you with a short sword!
* * * LOW HITPOINT WARNING * * *
It was a potion of brilliance.
You feel clever all of a sudden. Dowan hits you with a dagger.
* * * LOW HITPOINT WARNING * * *
The orc warrior hits you but does no damage.
Dowan points at you and mumbles some strange words.
The shard of ice hits you!
You die...

,.......).....##*
#..............
*####..........#
#...(.#........ #..........#
*#....##...##.. #..e.......#
#...........). #..........#
#....#........ #..........#
##........##.. ##.........##
#..#....##... #..........o##
#..###...#..#
#.e........e@####...###......
#..........#...###..##..##...
##.o........###..##.....<.....
##.o.........#
##..............
#...........## ###...##.......
#..........## #...##......[
#eo.......## ######.......
#<........# ########
#.).......#


You could see an orc warrior and Dowan.

Vanquished Creatures
  The ghost of komo4ek the Grave Robber, a novice HuNe of Sif Muna (D:3)
  A wraith (Ossuary)
  An orc warrior (D:5)
  Duvessa (D:6)
  An ice beast (D:2)
  2 phantoms
  A sky beast (D:5)
  A necrophage (D:4)
  An ogre (D:5)
  A scorpion (D:6)
  A howler monkey (D:5)
  A crimson imp (D:5)
  A hound (D:5)
  A jelly (D:5)
  5 orc priests
  A bullfrog skeleton (D:4)
  An iguana (D:4)
  6 orc wizards
  4 worker ants
  3 mummies (Ossuary)
  5 adders
  7 gnolls
  A shadow imp (D:6)
  An adder skeleton (D:5)
  An adder zombie (D:5)
  A worm (D:2)
  5 dart slugs
  5 leopard geckos
  31 orcs
  A giant cockroach (D:5)
  6 goblins
  12 hobgoblins
  15 jackals
  9 kobolds
  2 quokkas
  6 bats
  3 frilled lizards
  4 goblin zombies (Ossuary)
  2 hobgoblin zombies (Ossuary)
  6 kobold zombies (Ossuary)
  2 leopard gecko skeletons
  An orc zombie (Ossuary)
  13 rats
174 creatures vanquished.

Vanquished Creatures (others)
  A plant (D:3)
1 creature vanquished.

Grand Total: 175 creatures vanquished

Notes
Turn   | Place    | Note
-------+----------+-------------------------------------------
     0 | D:1      | MTVSty1e the Demonspawn Gladiator began the quest for the Orb.
     0 | D:1      | Reached XP level 1. HP: 16/16 MP: 1/1
    78 | D:1      | Reached skill level 3 in Axes
   175 | D:1      | Gained mutation: You have a pair of small horns on your head. [demonic ancestry]
   175 | D:1      | Reached XP level 2. HP: 22/22 MP: 2/2
   656 | D:1      | Reached XP level 3. HP: 23/27 MP: 3/3
   974 | D:2      | Reached skill level 4 in Axes
  1380 | D:2      | Noticed an ice beast
  1380 | D:2      | Reached XP level 4. HP: 32/33 MP: 4/4
  1389 | D:2      | Killed an ice beast
  1389 | D:2      | Reached skill level 5 in Axes
  1389 | D:2      | Gained mutation: You sometimes gain a little power by taking damage. [demonic ancestry]
  1389 | D:2      | Reached XP level 5. HP: 20/38 MP: 5/5
  2151 | D:3      | Reached skill level 6 in Axes
  2289 | D:3      | Reached XP level 6. HP: 40/44 MP: 6/6
  2372 | D:3      | Noticed komo4ek's ghost (novice HuNe)
  2719 | D:3      | Killed komo4ek's ghost
  2719 | D:3      | Reached skill level 7 in Axes
  2719 | D:3      | Gained mutation: You have a pair of horns on your head. [demonic ancestry]
  2719 | D:3      | Reached XP level 7. HP: 5/50 MP: 7/7
  3273 | D:4      | Reached skill level 8 in Axes
  3392 | D:4      | Found a glowing silver altar of Zin.
  3504 | D:4      | Found a blossoming altar of Fedhas.
  3973 | D:5      | Entered Level 5 of the Dungeon
  4010 | D:5      | Reached skill level 9 in Axes
  4010 | D:5      | Gained mutation: You are partially covered in rugged brown scales. (AC +1, +3% HP) [demonic ancestry]
  4010 | D:5      | Reached XP level 8. HP: 43/57 MP: 8/8
  4511 | D:5      | Found an opulent altar of Gozag.
  4511 | D:5      | Found a sparkling altar of Nemelex Xobeh.
  4603 | D:5      | Reached skill level 10 in Axes
  5207 | D:6      | Noticed Duvessa
  5220 | D:6      | Noticed Dowan
  5543 | D:6      | Found a sand-covered staircase.
  5553 | Ossuary  | Entered an ossuary
  5935 | Ossuary  | Reached skill level 11 in Axes
  6183 | Ossuary  | Reached XP level 9. HP: 62/62 MP: 9/9
  6424 | D:6      | Killed Duvessa
  6433 | D:6      | Killed from afar by Dowan

Skill      XL: |  1  2  3  4  5  6  7  8 |
---------------+-------------------------+-----
Axes           | 3 4 5 6 7 9 11 | 11.2
Fighting       | |  2.0
Throwing       | |  1.7
Dodging        | |  2.6

Action                   |  1- 3 |  4- 6 |  7- 9 || total
-------------------------+-------+-------+-------++-------
Melee: War axe           |   109 |   107 |   268 ||   484
       Headbutt          |    12 |    15 |    54 ||    81
  Use: Potion            |       |     3 |     4 ||     7
       Scroll            |       |     8 |     2 ||    10
 Stab: Sleeping          |     1 |       |       ||     1
  Eat: Chunk             |     2 |       |     2 ||     4
       Ration            |       |     1 |     3 ||     4
Armor: Leather armour    |    10 |       |       ||    10
       Ring mail         |    55 |    35 |       ||    90
       Scale mail        |       |    17 |   109 ||   126
       Skin              |       |     4 |     6 ||    10
Dodge: Dodged            |    84 |    69 |   121 ||   274
